PAA
SUN PRAIRIE SWALLOWS @ YAKIMA HOPS
07/21/2025
 
TOP OF THE 1ST
Sun Prairie Swallows batting - Pitching for Yakima Hops : LHP Roberto Silva
Pitching: LHP Roberto Silva
Batting: RHB José Silva 0-0: Called Strike
0-1: Ball
1-1: Swinging Strike
1-2: Foul Ball, location: 2F
1-2: Ball
2-2: Strikes out looking
Batting: RHB Ghislain Vespucci 0-0: Fly out, F5 (Line Drive, 56)
Batting: LHB Jorge Borbón 0-0: Fly out, F9 (Flyball, 9)
Top of the 1st over - 0 run(s), 0 hit(s), 0 error(s), 0 left on base; Sun Prairie 0 - Yakima 0
BOTTOM OF THE 1ST
Yakima Hops batting - Pitching for Sun Prairie Swallows : RHP Javier Luna
Pitching: RHP Javier Luna
Batting: LHB Pedro Tapia 0-0: Called Strike
0-1: SINGLE (Groundball, 6D)
Batting: SHB Orlando Villa 0-0: Ball
1-0: Foul Ball, location: 2F
1-1: Ball
2-1: Called Strike
2-2: Foul Ball, location: 2F
2-2: Fly out, F7 (Flyball, 7)
Batting: RHB Timothy Jones 0-0: Ball
1-0: Ball
2-0: SINGLE (Flyball, 9LS)
Pedro Tapia to second
Runner from 2nd tries for 3rd, SAFE, throw made to third
Batting: SHB Joaquín Reyes 0-0: Foul Ball, location: 2F
0-1: SINGLE (Groundball, 6MD)
Pedro Tapia scores
Timothy Jones to second
Batting: SHB Esteban Lugo 0-0: Ball
1-0: Ball
2-0: Ball
3-0: Foul Ball, location: 2F
3-1: Base on Balls
Timothy Jones to third
Joaquín Reyes to second
Batting: RHB Reginald Kalkman 0-0: Called Strike
0-1: Swinging Strike
0-2: Grounds into double play, 5-4-3 (Groundball, 5)
Bottom of the 1st over - 1 run(s), 3 hit(s), 0 error(s), 2 left on base; Sun Prairie 0 - Yakima 1
TOP OF THE 2ND
Sun Prairie Swallows batting - Pitching for Yakima Hops : LHP Roberto Silva
Batting: RHB Luis Hernández 0-0: Ball
1-0: Called Strike
1-1: Ground out 6-3 (Groundball, 6)
Batting: LHB Carlos Garza 0-0: Ball
1-0: Swinging Strike
1-1: Ball
2-1: Ball
3-1: Swinging Strike
3-2: Strikes out looking
Batting: RHB José Sánchez 0-0: Called Strike
0-1: SINGLE (Groundball, 4MD)
Batting: RHB Alfonso López 0-0: SINGLE (Groundball, 56D)
José Sánchez to second
Batting: RHB Dan Hart 0-0: Ball
1-0: Ball
2-0: Called Strike
2-1: Called Strike
2-2: Ball
3-2: Strikes out swinging
Top of the 2nd over - 0 run(s), 2 hit(s), 0 error(s), 2 left on base; Sun Prairie 0 - Yakima 1
BOTTOM OF THE 2ND
Yakima Hops batting - Pitching for Sun Prairie Swallows : RHP Javier Luna
Batting: LHB César Nieves 0-0: Ball
1-0: Called Strike
1-1: Fly out, F4 (Line Drive, 4M)
Batting: LHB Duffy McSwiggin 0-0: Called Strike
0-1: Ball
1-1: Called Strike
1-2: Strikes out looking
Batting: RHB Chad Shafer 0-0: Ball
1-0: Ball
2-0: Ball
3-0: Called Strike
3-1: Foul Ball, location: 2F
3-2: Base on Balls
Batting: LHB Pedro Tapia 0-0: Ball
Chad Shafer steals 2nd base
1-0: Foul Ball, location: 2F
1-1: Swinging Strike
1-2: Ball
2-2: Strikes out swinging
Bottom of the 2nd over - 0 run(s), 0 hit(s), 0 error(s), 1 left on base; Sun Prairie 0 - Yakima 1
TOP OF THE 3RD
Sun Prairie Swallows batting - Pitching for Yakima Hops : LHP Roberto Silva
Batting: RHB Darby Carveth 0-0: Ball
1-0: Foul Ball, location: 2F
1-1: Ball
2-1: Foul Ball, location: 2F
2-2: Ball
3-2: Base on Balls
Batting: RHB José Silva 0-0: Called Strike
0-1: SINGLE (Line Drive, 9S)
Darby Carveth to second
Batting: RHB Ghislain Vespucci 0-0: Called Strike
0-1: Fly out, F3 (Popup, 3D)
Batting: LHB Jorge Borbón 0-0: Called Strike
0-1: Swinging Strike
0-2: Fielders Choice at 2nd, 3-6 (Groundball, 3)
Darby Carveth to third
Batting: RHB Luis Hernández 0-0: Fly out, F4 (Line Drive, 4)
Top of the 3rd over - 0 run(s), 1 hit(s), 0 error(s), 2 left on base; Sun Prairie 0 - Yakima 1
BOTTOM OF THE 3RD
Yakima Hops batting - Pitching for Sun Prairie Swallows : RHP Javier Luna
Batting: SHB Orlando Villa 0-0: Called Strike
0-1: Ball
1-1: Foul Ball, location: 2F
1-2: Ball
2-2: Foul Ball, location: 2F
2-2: Ball
3-2: Base on Balls
Batting: RHB Timothy Jones 0-0: Called Strike
0-1: Swinging Strike
0-2: Ball
1-2: Grounds into double play, 6-4-3 (Groundball, 56)
Batting: SHB Joaquín Reyes 0-0: Foul Ball, location: 2F
0-1: Ball
1-1: Foul Ball, location: 2F
1-2: Foul Ball, location: 2F
1-2: Ball
2-2: Ball
3-2: Foul Ball, location: 2F
3-2: Fly out, F4 (Popup, 4S)
Bottom of the 3rd over - 0 run(s), 0 hit(s), 0 error(s), 0 left on base; Sun Prairie 0 - Yakima 1
TOP OF THE 4TH
Sun Prairie Swallows batting - Pitching for Yakima Hops : LHP Roberto Silva
Batting: LHB Carlos Garza 0-0: Ground out 4-3 (Groundball, 4)
Batting: RHB José Sánchez 0-0: Called Strike
0-1: Ball
1-1: Ball
2-1: Ground out 5-3 (Groundball, 56)
Batting: RHB Alfonso López 0-0: Foul Ball, location: 2F
0-1: Swinging Strike
0-2: Ball
1-2: Foul Ball, location: 2F
1-2: Ground out 6-3 (Groundball, 6)
Top of the 4th over - 0 run(s), 0 hit(s), 0 error(s), 0 left on base; Sun Prairie 0 - Yakima 1
BOTTOM OF THE 4TH
Yakima Hops batting - Pitching for Sun Prairie Swallows : RHP Javier Luna
Batting: SHB Esteban Lugo 0-0: Ball
1-0: Foul Ball, location: 2F
1-1: Ball
2-1: Ball
3-1: Base on Balls
Batting: RHB Reginald Kalkman 0-0: Ball
1-0: Called Strike
1-1: Called Strike
1-2: Ball
2-2: Strikes out swinging
Batting: LHB César Nieves 0-0: Called Strike
Pickoff Throw to First - Error! E1
Esteban Lugo to second
0-1: Ball
1-1: Ball
2-1: Called Strike
2-2: Foul Ball, location: 2F
2-2: Fly out, F7 (Flyball, 7LS)
Batting: LHB Duffy McSwiggin 0-0: Ball
1-0: Ball
2-0: Swinging Strike
2-1: Ground out U3 (Groundball, 34S)
Bottom of the 4th over - 0 run(s), 0 hit(s), 1 error(s), 1 left on base; Sun Prairie 0 - Yakima 1
TOP OF THE 5TH
Sun Prairie Swallows batting - Pitching for Yakima Hops : LHP Roberto Silva
Batting: RHB Dan Hart 0-0: Foul Ball, location: 2F
0-1: Ball
1-1: Called Strike
1-2: Ball
2-2: Ground out 5-3 (Groundball, 56)
Batting: RHB Darby Carveth 0-0: Ball
1-0: Called Strike
1-1: Called Strike
1-2: Ball
2-2: Ball
3-2: Foul Ball, location: 2F
3-2: SINGLE (Groundball, 3D)
Batting: RHB José Silva 0-0: Ball
1-0: Ball
2-0: Ball
3-0: Called Strike
3-1: Foul Ball, location: 2F
3-2: Ground out 5-3 (Groundball, 5L)
Darby Carveth to second
Batting: RHB Ghislain Vespucci 0-0: Ball
1-0: Ball
2-0: Reached on error, E5 (Groundball, 5L)
Darby Carveth to third
Batting: LHB Jorge Borbón 0-0: Fielders Choice at 2nd, 4-6 (Groundball, 4)
Top of the 5th over - 0 run(s), 1 hit(s), 1 error(s), 1 left on base; Sun Prairie 0 - Yakima 1
BOTTOM OF THE 5TH
Yakima Hops batting - Pitching for Sun Prairie Swallows : RHP Javier Luna
Batting: RHB Chad Shafer 0-0: Ball
1-0: Called Strike
1-1: Called Strike
1-2: Foul Ball, location: 2F
1-2: Strikes out swinging, 2-3 out at first.
Batting: LHB Pedro Tapia 0-0: Ball
1-0: SINGLE (Flyball, 7S)
Pitching: RHP Horacio Pérez
Batting: SHB Orlando Villa 0-0: Ball
Pedro Tapia steals 2nd base
1-0: Intentional Walk
Batting: RHB Timothy Jones 0-0: Ball
1-0: Ball
2-0: Ball
3-0: Called Strike
3-1: Called Strike
3-2: Foul Ball, location: 2F
3-2: Fly out, F5 (Line Drive, 56D)
Batting: SHB Joaquín Reyes 0-0: Called Strike
0-1: SINGLE (Flyball, 89S)
Pedro Tapia to third
Orlando Villa to second
Runner from 3rd tries for Home, SAFE, no throw
Batting: SHB Esteban Lugo 0-0: Ball
1-0: Foul Ball, location: 2F
1-1: Called Strike
1-2: Foul Ball, location: 2F
1-2: Ball
2-2: Ball
3-2: Foul Ball, location: 2F
3-2: Strikes out looking
Bottom of the 5th over - 1 run(s), 2 hit(s), 0 error(s), 2 left on base; Sun Prairie 0 - Yakima 2
TOP OF THE 6TH
Sun Prairie Swallows batting - Pitching for Yakima Hops : LHP Roberto Silva
Batting: RHB Luis Hernández 0-0: Ball
1-0: Ball
2-0: Ball
3-0: Called Strike
3-1: Ground out 4-3 (Groundball, 4M)
Batting: LHB Carlos Garza 0-0: Foul Ball, location: 2F
0-1: Foul Ball, location: 2F
0-2: Strikes out swinging
Batting: RHB José Sánchez 0-0: Called Strike
0-1: Fly out, F9 (Flyball, 9)
Top of the 6th over - 0 run(s), 0 hit(s), 0 error(s), 0 left on base; Sun Prairie 0 - Yakima 2
BOTTOM OF THE 6TH
Yakima Hops batting - Pitching for Sun Prairie Swallows : RHP Horacio Pérez
Batting: RHB Reginald Kalkman 0-0: Ground out 5-3 (Groundball, 56S)
Batting: LHB César Nieves 0-0: Fly out, F8 (Flyball, 8RS)
Batting: LHB Duffy McSwiggin 0-0: Swinging Strike
0-1: Fly out, F4 (Popup, 34)
Bottom of the 6th over - 0 run(s), 0 hit(s), 0 error(s), 0 left on base; Sun Prairie 0 - Yakima 2
TOP OF THE 7TH
Sun Prairie Swallows batting - Pitching for Yakima Hops : LHP Roberto Silva
Batting: RHB Alfonso López 0-0: Reached via error on a dropped throw, E3
Batting: RHB Dan Hart 0-0: Ball
1-0: Sac Bunt - play at first, batter OUT! 1-4
Alfonso López to second
Batting: RHB Darby Carveth 0-0: Ball
Alfonso López steals 3rd base
1-0: Ball
2-0: Swinging Strike
2-1: Ball
3-1: Base on Balls
Batting: RHB José Silva 0-0: Ball
1-0: Ball
2-0: Called Strike
2-1: Ball
3-1: Foul Ball, location: 2F
3-2: Foul Ball, location: 2F
3-2: Foul Ball, location: 2F
3-2: Foul Ball, location: 2F
3-2: SINGLE (Groundball, 56S) (infield hit)
Alfonso López scores
Darby Carveth to second
Batting: RHB Ghislain Vespucci 0-0: SINGLE (Flyball, 8LS)
Darby Carveth to third
José Silva to second
Runner from 3rd tries for Home, throw and OUT!
Pitching: LHP Cisco Flores
Batting: LHB Jorge Borbón 0-0: Foul Ball, location: 2F
0-1: Ball
1-1: Ball
2-1: Foul Ball, location: 2F
2-2: Ball
3-2: SINGLE (Line Drive, 4)
José Silva to third
Ghislain Vespucci to second
José Silva scores
Ghislain Vespucci to third
Batting: RHB Luis Hernández 0-0: Ball
1-0: Swinging Strike
1-1: Foul Ball, location: 2F
1-2: Ball
2-2: Fielders Choice at 2nd, 5-4 (Groundball, 56)
Top of the 7th over - 2 run(s), 3 hit(s), 1 error(s), 1 left on base; Sun Prairie 2 - Yakima 2
BOTTOM OF THE 7TH
Yakima Hops batting - Pitching for Sun Prairie Swallows : RHP Horacio Pérez
Pinch Hitting: RHB Jim Unknown 0-0: Foul Ball, location: 2F
0-1: Ball
1-1: Ball
2-1: Foul Ball, location: 2F
2-2: Ground out U3 (Groundball, 34)
Batting: LHB Pedro Tapia 0-0: Ball
1-0: Ground out 4-3 (Groundball, 34)
Batting: SHB Orlando Villa 0-0: Ball
1-0: Foul Ball, location: 2F
1-1: Foul Ball, location: 2F
1-2: Fly out, F7 (Flyball, 78M)
Bottom of the 7th over - 0 run(s), 0 hit(s), 0 error(s), 0 left on base; Sun Prairie 2 - Yakima 2
TOP OF THE 8TH
Sun Prairie Swallows batting - Pitching for Yakima Hops : LHP Cisco Flores
Now at 1B: Jim Unknown
Batting: LHB Carlos Garza 0-0: Ball
1-0: Ball
2-0: Ball
3-0: Base on Balls
Batting: RHB José Sánchez 0-0: Ball
1-0: Ball
2-0: Sac Bunt - play at first, batter OUT! 5-4
Carlos Garza to second
Batting: RHB Alfonso López 0-0: Called Strike
0-1: Called Strike
0-2: Ball
1-2: Strikes out swinging
Pinch Hitting: RHB Scott Forrest 0-0: Ball
1-0: Ball
2-0: Ball
3-0: Base on Balls
Pinch Hitting: RHB Matías Torrella 0-0: Called Strike
0-1: Ground out 5-3 (Groundball, 56S)
Top of the 8th over - 0 run(s), 0 hit(s), 0 error(s), 2 left on base; Sun Prairie 2 - Yakima 2
BOTTOM OF THE 8TH
Yakima Hops batting - Pitching for Sun Prairie Swallows : RHP Horacio Pérez
Now at 3B: Matías Torrella
Now at SS: Bob Wilson
Batting: RHB Timothy Jones 0-0: Called Strike
0-1: Foul Ball, location: 2F
0-2: Foul Ball, location: 2F
0-2: Ball
1-2: Ground out 4-3 (Groundball, 4S)
Batting: SHB Joaquín Reyes 0-0: Ball
1-0: Fly out, F7 (Flyball, 7S)
Batting: SHB Esteban Lugo 0-0: Called Strike
0-1: Ball
1-1: Foul Ball, location: 2F
1-2: Ball
2-2: Fly out, F4 (Popup, 4D)
Bottom of the 8th over - 0 run(s), 0 hit(s), 0 error(s), 0 left on base; Sun Prairie 2 - Yakima 2
TOP OF THE 9TH
Sun Prairie Swallows batting - Pitching for Yakima Hops : LHP Cisco Flores
Pitching: LHP Gerardo García
Batting: RHB José Silva 0-0: Foul Ball, location: 2F
0-1: Foul Ball, location: 2F
0-2: Ball
1-2: Fly out, F5 (Line Drive, 5)
Batting: RHB Ghislain Vespucci 0-0: Swinging Strike
0-1: Reached on error, E5 (Groundball, 56)
Batting: LHB Jorge Borbón 0-0: Ball
1-0: Called Strike
1-1: Ball
2-1: Ball
3-1: Base on Balls
Ghislain Vespucci to second
Batting: RHB Luis Hernández 0-0: Called Strike
0-1: Foul Ball, location: 2F
0-2: Fly out, F7 (Flyball, 78D)
Batting: LHB Carlos Garza 0-0: Foul Ball, location: 2F
0-1: Ball
1-1: Fly out, F4 (Popup, 4)
Top of the 9th over - 0 run(s), 0 hit(s), 1 error(s), 2 left on base; Sun Prairie 2 - Yakima 2
BOTTOM OF THE 9TH
Yakima Hops batting - Pitching for Sun Prairie Swallows : RHP Horacio Pérez
Batting: RHB Reginald Kalkman 0-0: Called Strike
0-1: Ball
1-1: Foul Ball, location: 2F
1-2: Ball
2-2: Foul Ball, location: 2F
2-2: Ball
3-2: Foul Ball, location: 2F
3-2: Foul Ball, location: 2F
3-2: Base on Balls
Pitching: RHP Josh Parker
Batting: LHB César Nieves 0-0: Ball
1-0: SINGLE (Flyball, 9S)
Reginald Kalkman to second
Runner from 2nd tries for 3rd, SAFE, no throw
Batting: LHB Duffy McSwiggin 0-0: Called Strike
0-1: Ground out 4-3 (Groundball, 4)
César Nieves to second
Batting: RHB Jim Unknown 0-0: Intentional Walk
Batting: LHB Pedro Tapia 0-0: Called Strike
0-1: Ball
1-1: Foul Ball, location: 2F
1-2: Foul Ball, location: 2F
1-2: Foul Ball, location: 2F
1-2: Foul Ball, location: 2F
1-2: Ball
2-2: Strikes out looking
Batting: SHB Orlando Villa 0-0: Ball
1-0: Foul Ball, location: 2F
1-1: Foul Ball, location: 2F
1-2: Fly out, F6 (Popup, 6MD)
Bottom of the 9th over - 0 run(s), 1 hit(s), 0 error(s), 3 left on base; Sun Prairie 2 - Yakima 2
TOP OF THE 10TH
Sun Prairie Swallows batting - Pitching for Yakima Hops : LHP Gerardo García
Batting: RHB José Sánchez 0-0: Called Strike
0-1: Foul Ball, location: 2F
0-2: Fly out, F8 (Line Drive, 8RS)
Batting: RHB Alfonso López 0-0: Ball
1-0: Foul Ball, location: 2F
1-1: Ball
2-1: Foul Ball, location: 2F
2-2: Ball
3-2: Foul Ball, location: 2F
3-2: Fly out, F6 (Line Drive, 4M)
Batting: RHB Bob Wilson 0-0: Ball
1-0: Ball
2-0: Called Strike
2-1: Ball
3-1: Foul Ball, location: 2F
3-2: Strikes out swinging
Top of the 10th over - 0 run(s), 0 hit(s), 0 error(s), 0 left on base; Sun Prairie 2 - Yakima 2
BOTTOM OF THE 10TH
Yakima Hops batting - Pitching for Sun Prairie Swallows : RHP Josh Parker
Batting: RHB Timothy Jones 0-0: Ball
1-0: Ground out 6-3 (Groundball, 6M)
Batting: SHB Joaquín Reyes 0-0: Ball
1-0: Foul Ball, location: 2F
1-1: Called Strike
1-2: Ball
2-2: Foul Ball, location: 2F
2-2: Foul Ball, location: 2F
2-2: Ground out 4-3 (Groundball, 34)
Batting: SHB Esteban Lugo 0-0: Ball
1-0: Ball
2-0: SOLO HOME RUN (Flyball, 9D), Distance : 355 ft
Friday, December 30th, 2016 - OOTP Baseball 17.12 Build 75